Workbook

Sheet Visão Geral
C1: Receita Federal do Brasil · 2026
C2: Auditor-Fiscal da Receita Federal do Brasil
A4: Informações do Concurso
A5: Situação | B5: 📡 | C5: Vagas | D5: 👥 | E5: Salário | F5: 💰
A6: BANCA EM DEFINIÇÃO | C6: 30 | E6: 29921.71
A7: Preparação com edital anterior. O conteúdo e a estrutura da prova usam um edital anterior de 2022 como referência.
A9: Estrutura do Edital
A10: Conhecimentos | B10: 📚 | C10: Matérias | D10: 📖 | E10: Assuntos | F10: 📝 | G10: Questões Previstas | H10: ❓
A11: 2 | C11: 17 | E11: 625 | G11: 140
A13: Sobre os Seus Estudos
A14: Edital batido
A15: % do edital concluído | E15: =SUM(B34:B35)/625 -> 0%
A16: Assuntos estudados | E16: =SUM(B34:B35)&" de 625 assuntos" -> 0 de 625 assuntos
A18: Conhecimento | G18: Progresso
A19: Conhecimentos básicos/gerais | G19: =B34/226 -> 0%
A20: Conhecimentos específicos | G20: =B35/399 -> 0%
A22: Revisão | E22: Feitas | H22: Atrasadas
A23: R1 · 1 dia | E23: =SUM(C34:C35) -> 0 | H23: =SUM(D34:D35) -> 0
A24: R7 · 7 dias | E24: =SUM(E34:E35) -> 0 | H24: =SUM(F34:F35) -> 0
A25: R30 · 30 dias | E25: =SUM(G34:G35) -> 0 | H25: =SUM(H34:H35) -> 0
A27: Como usar a planilha
A28: 1. Preencha a Data do Estudo de cada assunto nas abas de conhecimento — as datas de revisão (R1, R7 e R30) são calculadas automaticamente.
A29: 2. Em cada revisão, informe quantas questões fez e quantos acertos — o Desempenho é calculado sozinho.
A30: 3. Aqui na Visão Geral, acompanhe quanto falta estudar do edital e quantas revisões foram feitas ou estão atrasadas.
A34: Conhecimentos básicos-gerais | B34: =COUNT('Conhecimentos básicos-gerais'!C8:C233) | C34: =COUNT('Conhecimentos básicos-gerais'!E8:E233) | D34: =COUNTIFS('Conhecimentos básicos-gerais'!D8:D233,"<"&TODAY(),'Conhecimentos básicos-gerais'!E8:E233,"") | E34: =COUNT('Conhecimentos básicos-gerais'!I8:I233) | F34: =COUNTIFS('Conhecimentos básicos-gerais'!H8:H233,"<"&TODAY(),'Conhecimentos básicos-gerais'!I8:I233,"") | G34: =COUNT('Conhecimentos básicos-gerais'!M8:M233) | H34: =COUNTIFS('Conhecimentos básicos-gerais'!L8:L233,"<"&TODAY(),'Conhecimentos básicos-gerais'!M8:M233,"")
A35: Conhecimentos específicos | B35: =COUNT('Conhecimentos específicos'!C8:C406) | C35: =COUNT('Conhecimentos específicos'!E8:E406) | D35: =COUNTIFS('Conhecimentos específicos'!D8:D406,"<"&TODAY(),'Conhecimentos específicos'!E8:E406,"") | E35: =COUNT('Conhecimentos específicos'!I8:I406) | F35: =COUNTIFS('Conhecimentos específicos'!H8:H406,"<"&TODAY(),'Conhecimentos específicos'!I8:I406,"") | G35: =COUNT('Conhecimentos específicos'!M8:M406) | H35: =COUNTIFS('Conhecimentos específicos'!L8:L406,"<"&TODAY(),'Conhecimentos específicos'!M8:M406,"")

Sheet Conhecimentos básicos-gerais
C1: Receita Federal do Brasil · 2026
C2: Auditor-Fiscal da Receita Federal do Brasil
A3: Conhecimentos básicos/gerais
A4: SabiApp · Organize este edital no app — começar grátis
D6: Revisão R1 (1 dia) | H6: Revisão R7 (7 dias) | L6: Revisão R30 (30 dias)
A7: Matéria | B7: Assunto | C7: Data do Estudo | D7: Data da Revisão | E7: Questões Feitas | F7: Acertos | G7: Desempenho | H7: Data da Revisão | I7: Questões Feitas | J7: Acertos | K7: Desempenho | L7: Data da Revisão | M7: Questões Feitas | N7: Acertos | O7: Desempenho
A8: Língua Portuguesa | B8: Elementos de construção do texto e seu sentido: gênero do texto (literário e não literário, narrativo, descritivo e argumentativo); interpretação e organização interna | D8: =IF(C8="","",C8+1) | G8: =IF(OR(E8="",E8=0),"",F8/E8) | H8: =IF(C8="","",C8+7) | K8: =IF(OR(I8="",I8=0),"",J8/I8) | L8: =IF(C8="","",C8+30) | O8: =IF(OR(M8="",M8=0),"",N8/M8)
A9: Língua Portuguesa | B9: Semântica: sentido e emprego dos vocábulos; campos semânticos; emprego de tempos e modos dos verbos em português | D9: =IF(C9="","",C9+1) | G9: =IF(OR(E9="",E9=0),"",F9/E9) | H9: =IF(C9="","",C9+7) | K9: =IF(OR(I9="",I9=0),"",J9/I9) | L9: =IF(C9="","",C9+30) | O9: =IF(OR(M9="",M9=0),"",N9/M9)
A10: Língua Portuguesa | B10: Morfologia: reconhecimento, emprego e sentido das classes gramaticais; processos de formação de palavras; mecanismos de flexão dos nomes e verbos | D10: =IF(C10="","",C10+1) | G10: =IF(OR(E10="",E10=0),"",F10/E10) | H10: =IF(C10="","",C10+7) | K10: =IF(OR(I10="",I10=0),"",J10/I10) | L10: =IF(C10="","",C10+30) | O10: =IF(OR(M10="",M10=0),"",N10/M10)
A11: Língua Portuguesa | B11: Sintaxe: frase, oração e período; termos da oração; processos de coordenação e subordinação; concordância nominal e verbal; transitividade e regência de nomes e verbos; padrões gerais de colocação pronominal no português; mecanismos de coesão textual | D11: =IF(C11="","",C11+1) | G11: =IF(OR(E11="",E11=0),"",F11/E11) | H11: =IF(C11="","",C11+7) | K11: =IF(OR(I11="",I11=0),"",J11/I11) | L11: =IF(C11="","",C11+30) | O11: =IF(OR(M11="",M11=0),"",N11/M11)
A12: Língua Portuguesa | B12: Ortografia | D12: =IF(C12="","",C12+1) | G12: =IF(OR(E12="",E12=0),"",F12/E12) | H12: =IF(C12="","",C12+7) | K12: =IF(OR(I12="",I12=0),"",J12/I12) | L12: =IF(C12="","",C12+30) | O12: =IF(OR(M12="",M12=0),"",N12/M12)
A13: Língua Portuguesa | B13: Acentuação gráfica | D13: =IF(C13="","",C13+1) | G13: =IF(OR(E13="",E13=0),"",F13/E13) | H13: =IF(C13="","",C13+7) | K13: =IF(OR(I13="",I13=0),"",J13/I13) | L13: =IF(C13="","",C13+30) | O13: =IF(OR(M13="",M13=0),"",N13/M13)
A14: Língua Portuguesa | B14: Emprego do sinal indicativo de crase | D14: =IF(C14="","",C14+1) | G14: =IF(OR(E14="",E14=0),"",F14/E14) | H14: =IF(C14="","",C14+7) | K14: =IF(OR(I14="",I14=0),"",J14/I14) | L14: =IF(C14="","",C14+30) | O14: =IF(OR(M14="",M14=0),"",N14/M14)
A15: Língua Portuguesa | B15: Pontuação | D15: =IF(C15="","",C15+1) | G15: =IF(OR(E15="",E15=0),"",F15/E15) | H15: =IF(C15="","",C15+7) | K15: =IF(OR(I15="",I15=0),"",J15/I15) | L15: =IF(C15="","",C15+30) | O15: =IF(OR(M15="",M15=0),"",N15/M15)
A16: Língua Portuguesa | B16: Reescrita de frases: substituição, deslocamento, paralelismo; variação linguística: norma culta | D16: =IF(C16="","",C16+1) | G16: =IF(OR(E16="",E16=0),"",F16/E16) | H16: =IF(C16="","",C16+7) | K16: =IF(OR(I16="",I16=0),"",J16/I16) | L16: =IF(C16="","",C16+30) | O16: =IF(OR(M16="",M16=0),"",N16/M16)
A17: Língua Inglesa | B17: Compreensão e interpretação de textos variados: domínio do vocabulário e da estrutura da língua, ideias principais e secundárias, explícitas e implícitas, relações intratextuais e intertextuais | D17: =IF(C17="","",C17+1) | G17: =IF(OR(E17="",E17=0),"",F17/E17) | H17: =IF(C17="","",C17+7) | K17: =IF(OR(I17="",I17=0),"",J17/I17) | L17: =IF(C17="","",C17+30) | O17: =IF(OR(M17="",M17=0),"",N17/M17)
A18: Língua Inglesa | B18: Itens gramaticais relevantes para a compreensão dos conteúdos semânticos. Palavras e expressões equivalentes. Elementos de referência | D18: =IF(C18="","",C18+1) | G18: =IF(OR(E18="",E18=0),"",F18/E18) | H18: =IF(C18="","",C18+7) | K18: =IF(OR(I18="",I18=0),"",J18/I18) | L18: =IF(C18="","",C18+30) | O18: =IF(OR(M18="",M18=0),"",N18/M18)
A19: Raciocínio Lógico Matemático | B19: Lógica: proposições, conectivos, equivalências lógicas, quantificadores e predicados | D19: =IF(C19="","",C19+1) | G19: =IF(OR(E19="",E19=0),"",F19/E19) | H19: =IF(C19="","",C19+7) | K19: =IF(OR(I19="",I19=0),"",J19/I19) | L19: =IF(C19="","",C19+30) | O19: =IF(OR(M19="",M19=0),"",N19/M19)
... A233: Contabilidade Geral e Pública | B233: Contabilidade Aplicada ao Setor Público: Trabalho de asseguração (NBC TA Estrutura Conceitual – Estrutura Conceitual para Trabalhos de Asseguração) | D233: =IF(C233="","",C233+1) | G233: =IF(OR(E233="",E233=0),"",F233/E233) | H233: =IF(C233="","",C233+7) | K233: =IF(OR(I233="",I233=0),"",J233/I233) | L233: =IF(C233="","",C233+30) | O233: =IF(OR(M233="",M233=0),"",N233/M233)

Sheet Conhecimentos específicos
C1: Receita Federal do Brasil · 2026
C2: Auditor-Fiscal da Receita Federal do Brasil
A3: Conhecimentos específicos
A4: SabiApp · Organize este edital no app — começar grátis
D6: Revisão R1 (1 dia) | H6: Revisão R7 (7 dias) | L6: Revisão R30 (30 dias)
A7: Matéria | B7: Assunto | C7: Data do Estudo | D7: Data da Revisão | E7: Questões Feitas | F7: Acertos | G7: Desempenho | H7: Data da Revisão | I7: Questões Feitas | J7: Acertos | K7: Desempenho | L7: Data da Revisão | M7: Questões Feitas | N7: Acertos | O7: Desempenho
A8: Direito Administrativo | B8: Administração pública: princípios básicos | D8: =IF(C8="","",C8+1) | G8: =IF(OR(E8="",E8=0),"",F8/E8) | H8: =IF(C8="","",C8+7) | K8: =IF(OR(I8="",I8=0),"",J8/I8) | L8: =IF(C8="","",C8+30) | O8: =IF(OR(M8="",M8=0),"",N8/M8)
A9: Direito Administrativo | B9: Poderes administrativos: poder hierárquico, poder disciplinar, poder regulamentar, poder de polícia, uso e abuso do poder | D9: =IF(C9="","",C9+1) | G9: =IF(OR(E9="",E9=0),"",F9/E9) | H9: =IF(C9="","",C9+7) | K9: =IF(OR(I9="",I9=0),"",J9/I9) | L9: =IF(C9="","",C9+30) | O9: =IF(OR(M9="",M9=0),"",N9/M9)
A10: Direito Administrativo | B10: Ato administrativo: conceito, requisitos e atributos; anulação, revogação e convalidação; discricionariedade e vinculação | D10: =IF(C10="","",C10+1) | G10: =IF(OR(E10="",E10=0),"",F10/E10) | H10: =IF(C10="","",C10+7) | K10: =IF(OR(I10="",I10=0),"",J10/I10) | L10: =IF(C10="","",C10+30) | O10: =IF(OR(M10="",M10=0),"",N10/M10)
A11: Direito Administrativo | B11: Organização administrativa: administração direta e indireta; centralizada e descentralizada; autarquias, fundações, empresas públicas, sociedades de economia mista | D11: =IF(C11="","",C11+1) | G11: =IF(OR(E11="",E11=0),"",F11/E11) | H11: =IF(C11="","",C11+7) | K11: =IF(OR(I11="",I11=0),"",J11/I11) | L11: =IF(C11="","",C11+30) | O11: =IF(OR(M11="",M11=0),"",N11/M11)
A12: Direito Administrativo | B12: Consórcios públicos (Lei nº 11.107/2005) | D12: =IF(C12="","",C12+1) | G12: =IF(OR(E12="",E12=0),"",F12/E12) | H12: =IF(C12="","",C12+7) | K12: =IF(OR(I12="",I12=0),"",J12/I12) | L12: =IF(C12="","",C12+30) | O12: =IF(OR(M12="",M12=0),"",N12/M12)
A13: Direito Administrativo | B13: Órgãos públicos: conceito, natureza e classificação | D13: =IF(C13="","",C13+1) | G13: =IF(OR(E13="",E13=0),"",F13/E13) | H13: =IF(C13="","",C13+7) | K13: =IF(OR(I13="",I13=0),"",J13/I13) | L13: =IF(C13="","",C13+30) | O13: =IF(OR(M13="",M13=0),"",N13/M13)
A14: Direito Administrativo | B14: Servidores públicos: cargo, emprego e função públicos | D14: =IF(C14="","",C14+1) | G14: =IF(OR(E14="",E14=0),"",F14/E14) | H14: =IF(C14="","",C14+7) | K14: =IF(OR(I14="",I14=0),"",J14/I14) | L14: =IF(C14="","",C14+30) | O14: =IF(OR(M14="",M14=0),"",N14/M14)
A15: Direito Administrativo | B15: Lei nº 8.112/1990 (Regime Jurídico dos Servidores Públicos Civis da União e alterações): disposições preliminares; provimento, vacância, remoção, redistribuição e substituição; direitos e vantagens: vencimento e remuneração, vantagens, férias, licenças, afastamentos, direito de petição; regime disciplinar: deveres e proibições, acumulação, responsabilidades, penalidades; processo administrativo disciplinar | D15: =IF(C15="","",C15+1) | G15: =IF(OR(E15="",E15=0),"",F15/E15) | H15: =IF(C15="","",C15+7) | K15: =IF(OR(I15="",I15=0),"",J15/I15) | L15: =IF(C15="","",C15+30) | O15: =IF(OR(M15="",M15=0),"",N15/M15)
A16: Direito Administrativo | B16: Processo administrativo (Lei nº 9.784/1999) | D16: =IF(C16="","",C16+1) | G16: =IF(OR(E16="",E16=0),"",F16/E16) | H16: =IF(C16="","",C16+7) | K16: =IF(OR(I16="",I16=0),"",J16/I16) | L16: =IF(C16="","",C16+30) | O16: =IF(OR(M16="",M16=0),"",N16/M16)
A17: Direito Administrativo | B17: Controle e responsabilização da administração: controle administrativo; controle judicial; controle legislativo | D17: =IF(C17="","",C17+1) | G17: =IF(OR(E17="",E17=0),"",F17/E17) | H17: =IF(C17="","",C17+7) | K17: =IF(OR(I17="",I17=0),"",J17/I17) | L17: =IF(C17="","",C17+30) | O17: =IF(OR(M17="",M17=0),"",N17/M17)
A18: Direito Administrativo | B18: Responsabilidade extracontratual do Estado | D18: =IF(C18="","",C18+1) | G18: =IF(OR(E18="",E18=0),"",F18/E18) | H18: =IF(C18="","",C18+7) | K18: =IF(OR(I18="",I18=0),"",J18/I18) | L18: =IF(C18="","",C18+30) | O18: =IF(OR(M18="",M18=0),"",N18/M18)
A19: Direito Administrativo | B19: Improbidade Administrativa (Lei nº 8.429/1992) | D19: =IF(C19="","",C19+1) | G19: =IF(OR(E19="",E19=0),"",F19/E19) | H19: =IF(C19="","",C19+7) | K19: =IF(OR(I19="",I19=0),"",J19/I19) | L19: =IF(C19="","",C19+30) | O19: =IF(OR(M19="",M19=0),"",N19/M19)
... A406: Legislação Aduaneira | B406: Fundo Especial de Desenvolvimento e Aperfeiçoamento das Atividades de Fiscalização (FUNDAF) | D406: =IF(C406="","",C406+1) | G406: =IF(OR(E406="",E406=0),"",F406/E406) | H406: =IF(C406="","",C406+7) | K406: =IF(OR(I406="",I406=0),"",J406/I406) | L406: =IF(C406="","",C406+30) | O406: =IF(OR(M406="",M406=0),"",N406/M406)
